 Dungeon Crawl Stone Soup version 0.28.0-62-gf88900778d (webtiles) character file.

Game seed: 13389326731569599661

29212 cbfl8 the Severer (level 13, -15/105 HPs)
             Began as a Minotaur Fighter on Sept 7, 2023.
             Was an Elder of Hepliaklqana.
             Shot with an arrow by a deep elf archer (20 damage)
             ... on level 12 of the Dungeon.
             The game lasted 00:22:21 (17391 turns).

cbfl8 the Severer (Minotaur Fighter)               Turns: 17391, Time: 00:22:21

Health: -15/105    AC: 18    Str: 33    XL:     13   Next: 13%
Magic:  12/12      EV:  9    Int:  5    God:    Hepliaklqana [****..]
Gold:   931        SH: 11    Dex: 15    Spells: 12/12 levels left

rFire   . . .      SeeInvis .   i - +1 broad axe
rCold   . . .      Faith    .   M - +0 kite shield
rNeg    . . .      Spirit   .   A - +4 scale mail of Ywoj {Rampage}
rPois   .          Reflect  .   y - +2 hat
rElec   .          Harm     .   E - +0 cloak {rCorr}
rCorr   +          Rampage  +   z - +0 pair of gloves
Will    .....                   (no boots)
Stlth   ..........              (no amulet)
HPRegen 0.27/turn               G - +6 ring of strength
MPRegen 0.13/turn               B - +6 ring of strength

@: no status effects
A: reduced essence, horns 2, retaliatory headbutt
a: Renounce Religion, Recall Ancestor, Ancestor Identity, Transference, Idealise


You were on level 12 of the Dungeon.
You worshipped Hepliaklqana.
Hepliaklqana was greatly pleased with you.
You visited 2 branches of the dungeon, and saw 13 of its levels.
You also visited: Sewer and Bailey.

You collected 931 gold pieces.

Inventory:

Hand Weapons
 a - a +0 war axe of protection
 i - a +1 broad axe (weapon)
 r - a +2 war axe of flaming
Missiles
 v - 12 throwing nets
Armour
 y - a +2 hat (worn)
 z - a +0 pair of gloves (worn)
 A - the +4 scale mail of Ywoj (worn) {Rampage}
   (You found it on level 4 of the Dungeon)

   Rampage:   It bestows one free step when moving towards enemies.
 E - a +0 cloak of preservation (worn)
 M - a +0 kite shield (worn)
Jewellery
 k - a ring of fire
 B - a +6 ring of strength (right hand)
 G - a +6 ring of strength (left hand)
Wands
 c - a wand of paralysis (15)
 t - a wand of flame (21)
 D - a wand of digging (6)
Scrolls
 b - 5 scrolls of fear
 e - a scroll of enchant weapon {unknown}
 f - 2 scrolls of fog
 j - 3 scrolls of enchant armour
 o - 4 scrolls of noise
 p - 2 scrolls of holy word
 q - 7 scrolls of teleportation
 w - 3 scrolls of magic mapping
 x - 2 scrolls of summoning
 H - a scroll of identify
 I - a scroll of immolation {unknown}
Potions
 d - 2 potions of might
 g - 2 potions of resistance {unknown}
 l - 5 potions of curing
 m - 9 potions of flight
 n - 2 potions of haste {unknown}
 s - a potion of magic {unknown}
 u - a potion of cancellation {unknown}
 F - a potion of brilliance {unknown}
 K - a potion of invisibility {unknown}
 L - 2 potions of mutation {unknown}
 N - a potion of attraction {unknown}
Miscellaneous
 C - a box of beasts
 J - a condenser vane
 O - a box of beasts


   Skills:
 + Level 11.8 Fighting
 + Level 16.1 Axes
 + Level 11.1 Armour
 + Level 9.9 Shields
 + Level 1.0 Invocations
 * Level 9.4 Evocations


You had 12 spell levels left.
You didn't know any spells.
Your spell library contained the following spells:

 Spells                   Type           Power      Damage    Failure   Level
 Freeze                   Ice            0%         1d3       90%         1
 Slow                     Hex            0%         N/A       90%         1
 Call Canine Familiar     Summ           0%         N/A       99%         3
 Confusing Touch          Hex            0%         N/A       99%         3
 Frozen Ramparts          Ice            0%         1d2       99%         3
 Portal Projectile        Hex/Tloc       0%         N/A       99%         3
 Vampiric Draining        Necr           0%         2d6       99%         3
 Hailstorm                Conj/Ice       0%         3d3       100%        4
 Ice Form                 Ice/Tmut       0%         N/A       100%        4
 Leda's Liquefaction      Hex/Erth       0%         N/A       100%        4
 Passage of Golubria      Tloc           0%         N/A       100%        4
 Summon Ice Beast         Ice/Summ       0%         N/A       100%        4
 Summon Lightning Spire   Summ/Air       0%         N/A       100%        4
 Freezing Cloud           Conj/Ice/Air   0%         6-21      100%        5
 Lightning Bolt           Conj/Air       0%         1d11      100%        5
 Silence                  Hex/Air        0%         N/A       100%        5
 Lehudib's Crystal Spear  Conj/Erth      0%         10d2      100%        8


Dungeon Overview and Level Annotations

Branches:
Dungeon (12/15)            Temple (1/1) D:4            Lair (0/6) D:11
    Orc (0/2) D:9           Sewer (visited)          Bailey (visited)

Altars:
Ashenzari
Cheibriados
Dithmenos
Elyvilon
Fedhas
Gozag
Hepliaklqana
Kikubaaqudgha
Makhleb
Okawaru
Qazlal
Ru
Sif Muna
Trog
Uskayaw
Vehumet
Wu Jian
Xom
Yredelemnul
The Shining One
Beogh

Shops:
D:5 *

Portals:
Trove: D:10 (give 4 potions of resistance)


Innate Abilities, Weirdness & Mutations

Your life essence is reduced to manifest your ancestor. (-10% HP)
You have a pair of horns on your head.
You reflexively headbutt those who attack you in melee.


Message History

You are too injured to fight recklessly!
Unknown command.
You are too injured to fight recklessly!
Unknown command.
You are too injured to fight recklessly!
Unknown command.
You hit the elephant but do no damage.
The elephant is almost dead.
You slash the deep elf archer! You closely miss something. Something hits you!
The elephant tramples you but does no damage.
You block the elephant's attack.
The deep elf archer casts a spell.
The deep elf archer blinks!
You closely miss something. You slash the elephant!
You kill the elephant!
You hear some strange, mumbled words.
A shard of ice appears from out of thin air!
The shard of ice hits you!
* * * LOW HITPOINT WARNING * * *
You block something's attack.
You feel much better. You block something's attack.
The deep elf archer gestures at you while chanting.
You are confused.
You are too confused!
You're too confused to move!
Something completely misses you. Something hits you!!
* * * LOW HITPOINT WARNING * * *
The deep elf archer unwields a +0 quarterstaff.
The deep elf archer wields a +2 shortbow.
The deep elf archer shoots an arrow.
The arrow hits you!
* * * LOW HITPOINT WARNING * * *
Okay, then.
Okay, then.
You feel better. Something hits you.
* * * LOW HITPOINT WARNING * * *
Unknown command.
You feel better. Something hits you!
* * * LOW HITPOINT WARNING * * *
The deep elf archer shoots an arrow.
The arrow hits you!!
You die...

.......................##
##.....
.......######..........#
#..... ..<....#♣♣♣
##.........## ##.....
......##♣..♣
##.........###......
...#### ♣.≈≈♣
##................. ..##
..≈≈. #########.........
.##
..≈≈..♣♣♣♣♣♣♣♣♣#.........
.# .
≈...♣....♣..........)..
.#
....♣..♣@................
.#♣...
......†.{♣..(............
.#♣..♣♣
...§.......♣.♣.#.........
.#♣...♣
...[.♣♣♣♣♣♣♣♣♣♣#.........
## ...♣ .e..
##########........# ♣♣..♣
... #................##
♣...♣ ♣.
#...............##


♣PPP♣ ♣ ###..............## #...#######...............## You could see a deep
elf archer (repels missiles).

Vanquished Creatures
  A boulder beetle (D:11)
  4 two-headed ogres
  7 hell knights (D:11)
  Pikel (D:9)
  An orc knight (D:10)
  2 manticores (D:11)
  Maurice (D:8)
  2 elephants (D:12)
  A komodo dragon (D:12)
  4 trolls
  6 slime creatures
  A shadow (D:9)
  A wraith (D:10)
  7 yaks
  6 vampire mosquitoes
  3 hell hounds (D:11)
  5 orc warriors
  2 water moccasins (D:5)
  2 sky beasts
  2 ice beasts
  A black bear (D:6)
  3 centaurs
  5 wolves
  A lemure (D:9)
  A wyvern zombie (D:7)
  6 gnoll sergeants
  3 bullfrogs
  2 scorpions
  A wyvern skeleton (D:7)
  2 water moccasin skeletons
  4 killer bees (D:5)
  9 wights
  2 howler monkeys (D:11)
  3 bullfrog zombies (D:6)
  4 centaur zombies
  5 gnoll shamans
  2 hounds (Bailey)
  7 orc priests
  Crazy Yiuf (D:5)
  3 bullfrog skeletons
  A jelly (D:5)
  A scorpion zombie (D:5)
  2 iguanas
  6 orc wizards
  A killer bee zombie (D:8)
  A howler monkey zombie (D:10)
  25 gnolls
  10 adders
  7 river rats
  A white imp (D:5)
  4 worms
  A dart slug (D:2)
  34 orcs
  6 endoplasms
  7 giant cockroaches
  7 goblins
  5 hobgoblins
  6 jackals (Sewer)
  2 kobolds
  2 quokkas (D:4)
  12 ball pythons
  6 bats
  A frilled lizard (Sewer)
  7 rats
279 creatures vanquished.

Vanquished Creatures (collateral kills)
  2 hell knights (D:11)
  An orc knight (D:10)
  A necromancer (D:11)
  2 cyclopes
  2 gargoyles
  Maggie (D:6)
  4 trolls
  A hornet (D:9)
  3 slime creatures
  A shadow (D:12)
  2 yaks (D:10)
  A wraith (D:8)
  A basilisk (D:10)
  Grum (D:9)
  A vampire mosquito (D:12)
  A warg (D:12)
  An acid dragon (D:10)
  4 hell hounds (D:11)
  2 orc warriors
  An ice beast (D:6)
  5 wolves
  3 centaurs
  A bullfrog (D:6)
  3 gnoll sergeants (Bailey)
  A killer bee (D:9)
  2 wights
  An electric eel (D:9)
  A howler monkey (D:11)
  4 centaur zombies
  2 hounds
  3 orc priests (D:9)
  A gnoll shaman (Bailey)
  An orc wizard (D:10)
  7 gnolls
  4 orcs (D:9)
72 creatures vanquished.

Vanquished Creatures (others)
  A shadow (D:9)
  7 battlemagi
  5 plants
13 creatures vanquished.

Grand Total: 364 creatures vanquished

Notes
Turn   | Place    | Note
-------+----------+-------------------------------------------
     0 | D:1      | cbfl8 the Minotaur Fighter began the quest for the Orb.
     0 | D:1      | Reached XP level 1. HP: 19/19 MP: 0/0
    73 | D:1      | Found a faded altar of an unknown god.
   221 | D:1      | Reached XP level 2. HP: 27/27 MP: 1/1
  1085 | D:2      | Reached skill level 1 in Evocations
  1085 | D:2      | Reached XP level 3. HP: 33/33 MP: 2/2
  1228 | D:2      | Reached skill level 3 in Axes
  1418 | D:3      | Reached XP level 4. HP: 37/40 MP: 3/3
  1418 | D:3      | Found a glowing drain.
  1432 | Sewer    | Entered a sewer
  1597 | Sewer    | Reached skill level 4 in Axes
  1638 | Sewer    | Reached XP level 5. HP: 36/46 MP: 4/4
  2603 | D:3      | Identified the -2 cloak of Failure {Str+2}
  2846 | D:3      | Found a hide-covered altar of Uskayaw.
  2849 | D:3      | Found a bloodstained altar of Trog.
  2849 | D:3      | Found a radiant altar of Vehumet.
  2851 | D:3      | Found a bloodstained altar of Trog.
  2851 | D:3      | Found a bloodstained altar of Trog.
  2851 | D:3      | Found a shimmering altar of Xom.
  3290 | D:3      | Reached skill level 5 in Axes
  3353 | D:3      | Reached XP level 6. HP: 50/53 MP: 5/5
  3438 | D:4      | Noticed a sky beast
  3444 | D:4      | Killed a sky beast
  3445 | D:4      | Reached skill level 5 in Armour
  3549 | D:4      | Found a staircase to the Ecumenical Temple.
  3715 | D:4      | Found an ornate altar of the Wu Jian Council.
  4002 | D:4      | Identified the +4 scale mail of Ywoj {Rampage}
  4333 | Temple   | Entered the Ecumenical Temple
  4427 | Temple   | Became a worshipper of Hepliaklqana the Forgotten
  4524 | D:5      | Entered Level 5 of the Dungeon
  4524 | D:5      | Noticed a water moccasin
  4530 | D:5      | Killed a water moccasin
  4589 | D:5      | Reached skill level 5 in Fighting
  4589 | D:5      | Reached XP level 7. HP: 61/61 MP: 6/6
  4790 | D:5      | Reached skill level 6 in Axes
  5138 | D:5      | Found Jokkotug's Mass Market.
  5147 | D:5      | Reached XP level 8. HP: 46/69 MP: 7/7
  5149 | D:5      | Reached skill level 7 in Axes
  5149 | D:5      | Reached skill level 5 in Shields
  5613 | D:5      | Found a runed translucent door.
  5614 | D:5      | Noticed Crazy Yiuf
  5621 | D:5      | Killed Crazy Yiuf
  5677 | D:6      | Reached * piety under Hepliaklqana
  5726 | D:6      | Found a hide-covered altar of Uskayaw.
  5815 | D:6      | Noticed Maggie
  5819 | D:6      | Reached skill level 8 in Axes
  5830 | D:6      | Killed Maggie
  6053 | D:6      | Reached XP level 9. HP: 67/67 MP: 8/8
  6176 | D:6      | Reached skill level 9 in Axes
  6307 | D:6      | Found a radiant altar of Vehumet.
  6488 | D:7      | Found a basalt altar of Yredelemnul.
  7092 | D:7      | Reached skill level 5 in Evocations
  7218 | D:7      | Reached ** piety under Hepliaklqana
  7219 | D:7      | Remembered your ancestor Valentine as a battlemage
  7226 | D:7      | Noticed a two-headed ogre
  7228 | D:7      | Found a shadowy altar of Dithmenos.
  7234 | D:7      | Killed a two-headed ogre
  7235 | D:7      | Reached skill level 10 in Axes
  7475 | D:7      | Found an opulent altar of Gozag.
  7478 | D:7      | Found a burning altar of Makhleb.
  7480 | D:7      | Found a stormy altar of Qazlal.
  7945 | D:8      | Reached skill level 11 in Axes
  7946 | D:8      | Reached XP level 10. HP: 77/77 MP: 9/9
  8129 | D:8      | Noticed Maurice
  8135 | D:8      | Killed Maurice
  8159 | D:8      | Found a blossoming altar of Fedhas.
  8253 | D:8      | Found a sacrificial altar of Ru.
  9414 | D:9      | Reached skill level 12 in Axes
  9581 | D:9      | Paralysed by a hornet for 1 turns
  9967 | D:9      | Found a staircase to the Orcish Mines.
 10001 | D:9      | Noticed Pikel
 10009 | D:9      | Killed Pikel
 10158 | D:9      | Noticed Grum
 10168 | D:9      | Killed Grum
 10366 | D:9      | Noticed a two-headed ogre
 10387 | D:9      | Killed a two-headed ogre
 10388 | D:9      | Reached skill level 13 in Axes
 10703 | D:10     | Entered Level 10 of the Dungeon
 10714 | D:10     | Reached *** piety under Hepliaklqana
 10732 | D:10     | Found a portal to a secret trove of treasure.
 10829 | D:10     | Reached XP level 11. HP: 84/85 MP: 10/10
 10940 | D:10     | Found a flagged portal.
 10949 | Bailey   | Entered a bailey
 12267 | D:10     | Noticed an orc knight
 12854 | D:10     | Killed an orc knight
 13193 | D:10     | Noticed an orc knight
 13199 | D:10     | Killed an orc knight
 13482 | D:10     | Reached skill level 14 in Axes
 13488 | D:10     | Reached skill level 10 in Armour
 13873 | D:11     | Found a staircase to the Lair.
 13875 | D:11     | Noticed a two-headed ogre
 13881 | D:11     | Killed a two-headed ogre
 13907 | D:11     | Reached skill level 10 in Fighting
 14052 | D:11     | Reached **** piety under Hepliaklqana
 14197 | D:11     | Noticed a hell knight
 14210 | D:11     | Killed a hell knight
 14211 | D:11     | Reached XP level 12. HP: 95/95 MP: 11/11
 14439 | D:11     | Noticed a boulder beetle
 14474 | D:11     | Killed a boulder beetle
 14976 | D:11     | Reached skill level 15 in Axes
 16105 | D:11     | Got Feivanlu's Compendium of Lightness
 16107 | D:11     | Identified the +8 hunting sling "Ylappat" {venom, rElec
                  | rPois Int-3 SInv}
 16161 | D:11     | Reached skill level 1 in Invocations
 16747 | D:12     | Noticed a two-headed ogre
 16757 | D:12     | Killed a two-headed ogre
 16758 | D:12     | Reached XP level 13. HP: 63/105 MP: 12/12
 16849 | D:12     | Reached skill level 16 in Axes
 17391 | D:12     | HP: 5/105 [something (13)]
 17391 | D:12     | Shot with an arrow by a deep elf archer

Illustrated notes

Levels and vault maps discovered:
D:1:      dpeg_arrival_court, layout_basic, chequers_ecumenical_altar_simple,
          minmay_3d_cube
D:2:      layout_basic, minmay_tromino_v4_c
D:3:      layout_rooms, doesnt_xom_only_xom, portal_sewer_entry_b
D:4:      layout_basic, mainiacjoe_overflow_cross_hatched,
          minmay_temple_entry_mist, small_statue_intersection,
          nicolae_elevator_lobby_plus
D:5:      layout_rooms, minmay_door_square, minivault_23, minmay_shop_mass,
          uniq_crazy_yiuf_cottage
D:6:      layout_cave_pools, nicolae_uskayaw_murder_on_the_dancefloor,
          nicolae_vehumet_altar_sigil, uniq_maggie
D:7:      layout_loops_ring, nicolae_dithmenos_the_darkroom, old_standard_altar,
          minitemple, minmay_misc_feat_chi
D:8:      layout_basic, mainiacjoe_overflow_paths, nicolae_ru_awakened_eye,
          minmay_liquid_box, uniq_maurice
D:9:      layout_roguey, david_orc_5, serial_bayou_pond_b, uniq_pikel, uniq_grum
D:10:     cheibrodos_fzero, layout_stronghold, nicolae_trove_entry_free_sample,
          enter_bailey_8
D:11:     layout_roguey, lair_entry_dummy, minmay_rotating_lava
D:12:     layout_big_octagon, grunt_ministairs_8, beargit_elvish_explorers
Temple:   minmay_temple_curvy_loop

Skill      XL: |  1  2  3  4  5  6  7  8  9 10 11 12 13 |
---------------+----------------------------------------+-----
Shields        | 4 5 6 8 9 |  9.9
Evocations     | 1 2 3 4 5 6 8 9 |  9.4
Fighting       | 4 5 6 7 8 10 11 | 11.8
Armour         | 4 5 6 7 8 9 10 11 | 11.1
Axes           | 3 4 5 6 8 11 13 14 15 16 | 16.1
Invocations    | 1 |  1.0

Action                   |  1- 3 |  4- 6 |  7- 9 | 10-12 | 13-15 || total
-------------------------+-------+-------+-------+-------+-------++-------
Melee: War axe           |    69 |   115 |   187 |   345 |       ||   716
       Headbutt          |    11 |    17 |    36 |    97 |     8 ||   169
       Broad axe         |       |       |       |    37 |    32 ||    69
Invok: Ancestor Identity |       |       |     1 |     1 |       ||     2
       Ancestor Life: Ba |       |       |     1 |       |       ||     1
       Transference      |       |       |       |     1 |       ||     1
Evoke: Wand              |       |       |       |    26 |       ||    26
  Use: Potion            |     1 |       |       |     5 |     4 ||    10
       Scroll            |       |     6 |     1 |     5 |       ||    12
 Stab: Distracted        |       |       |       |     2 |       ||     2
Armor: Scale mail        |    34 |    76 |   120 |   300 |    20 ||   550
Dodge: Dodged            |    37 |    80 |    81 |   194 |    19 ||   411
Block: Buckler           |    16 |    48 |    51 |   118 |       ||   233
       Kite shield       |       |       |       |    80 |    18 ||    98
